 Dungeon Crawl Stone Soup version 0.31-a0-968-g24f9ace8b5 (webtiles) character file.

Game seed: 13144037974322830532

4 Xavori the Trooper (level 1, -2/20 HPs)
             Began as a Djinni Chaos Knight on Oct 27, 2023.
             Was a Plaything of Xom.
             Slain by a jumping spider (shapeshifter) (4 damage)
             ... on level 1 of the Dungeon.
             The game lasted 00:00:06 (68 turns).

Xavori the Trooper (Djinni Chaos Knight)              Turns: 68, Time: 00:00:07

Health: -2/20      AC:  5    Str: 11    XL:     1   Next: 77%
Gold:   46         EV: 11    Int: 13    God:    Xom [..*...] SH:  0 Dex: 12

rFire   + + .        a - +0 falchion (chaos)
rCold   x . .        (no shield)
rNeg    . . .        b - +2 leather armour
rPois   ∞            (no helmet)
rElec   .            (no cloak)
rCorr   .            (no gloves)
SInv    .            (boots unavailable)
Will    .....        (no amulet)
Stlth   +            (no ring)
HPRegen 0.23/turn    (no ring)
MPRegen 0.00/turn

%: infuse magic (-3 HP)
@: flying
A: sickness immunity, fire resistance 2, cold vulnerability 1, float, innate
caster, HP casting, extra vitality 1
a: Renounce Religion


You were on level 1 of the Dungeon.
You worshipped Xom.
You were a toy of Xom.
You visited 1 branch of the dungeon, and saw 1 of its levels.

You collected 46 gold pieces.

Inventory:

Hand Weapons
 a - a +0 falchion of chaos (weapon)
Armour
 b - a +2 leather armour (worn)
Scrolls
 c - a scroll of butterflies


   Skills:
 + Level 3.0 Fighting
 + Level 2.7 Long Blades
 + Level 1.0 Armour
 + Level 2.2 Dodging
 * Level 0.1 Spellcasting
 * Level 0.1 Conjurations
 * Level 0.1 Hexes
   Level 0.0 Charms
 * Level 0.1 Summonings
 * Level 0.1 Necromancy
 * Level 0.1 Translocations
 * Level 0.1 Transmutations
 * Level 0.1 Fire Magic
 * Level 0.1 Ice Magic
 * Level 0.1 Air Magic
 * Level 0.1 Earth Magic
 * Level 0.1 Poison Magic You didn't know any spells. Your spell library was empty.

Dungeon Overview and Level Annotations

Branches:
Dungeon (1/15)

Altars:


Innate Abilities, Weirdness & Mutations

You are immune to sickness and miasma.
You are immune to poison.
Your flesh is very heat resistant. (rF++)
You are vulnerable to cold. (rC-)
You float through the air rather than walking.
You learn spells naturally, not from books.
Your magical power is your life essence.
You have superior vitality. (+4 MHP)


Message History

The jackal barks! x3
There are monsters nearby!
You hit the jackal but do no damage. Your punch misses the jackal.
The jackal blinks!
There are monsters nearby!
You closely miss the jackal. The jackal barely misses you.
The jackal bites you but does no damage.
There are monsters nearby!
You hit the jackal but do no damage.
The jackal changes into a shapeshifter!
The shapeshifter changes into a jumping spider!
The jackal barely misses you. The jackal closely misses you.
There are monsters nearby!
You hit the jumping spider but do no damage.
You drain the jumping spider.
The jumping spider is lightly wounded.
The jackal bites you. The jumping spider pounces on you!
The jumping spider bites you.
The jackal bites you but does no damage.
There are monsters nearby!
You are too injured to fight recklessly!
There are monsters nearby!
You are too injured to fight recklessly!
You are too injured to fight recklessly!
There are monsters nearby!
The jumping spider leaps!
The jackal attacks as it pursues you! The jackal misses you.
The jumping spider leaps!
You closely miss the jackal. The jackal bites you.
The jackal closely misses you.
You hit the jackal. You drain the jackal.
You kill the jackal!
The jumping spider barely misses you. x2
You hit the jumping spider. You burn the jumping spider.
The jumping spider is lightly wounded.
The jumping spider pounces on you!
* * * LOW HITPOINT WARNING * * *
Xom thinks this is hilarious!
The jumping spider bites you.
You die...
Xom chuckles heartily!

#.....# #.....#
#...$.######
#..........
#........####
#.....#......
#....°.......
##########........
#.....@sh...~~≈≈~~
########....~≈≈≈≈≈
#....~≈≈≈≈≈
#....≈≈≈#+# #
##...~~≈+ ##+ ..
##...~≈≈+ +.. #..
##....~~≈#+###.##
#..#......~~≈≈#...#.
#....#..⌠..≈~≈+.⌠.'.


You could see a jumping spider shaped shifter (drained) and a jackal.

Vanquished Creatures
  A giant cockroach (D:1)
  A goblin (D:1)
  A jackal (D:1)
  A frilled lizard (D:1)
4 creatures vanquished.

Notes
Turn   | Place    | Note
-------+----------+-------------------------------------------
     0 | D:1      | Xavori the Djinni Chaos Knight began the quest for the Orb.
     0 | D:1      | Reached XP level 1. HP: 20/20 MP: 0/0
    60 | D:1      | a jackal changed into a shapeshifter
    60 | D:1      | Noticed a shapeshifter (shapeshifter)
    60 | D:1      | a shapeshifter changed into a jumping spider
    60 | D:1      | Noticed a jumping spider (shapeshifter)
    68 | D:1      | Slain by a jumping spider (shapeshifter)

Illustrated notes

Levels and vault maps discovered:
D:1:      dpeg_arrival_castle, layout_rooms, nicolae_ecumenical_snake_handling

Action                     || total
---------------------------++-------
  Melee: Falchion          ||    14
 Armour: Leather armour    ||    12
  Dodge: Dodged            ||     8

Table legend: (Time is in decaauts)
 A = Elapsed time spent in this place.
 B = Non-inter-level travel time spent in this place.
 C = Inter-level travel time spent in this place.
 D = Time resting spent in this place.
 E = Time spent auto-exploring this place.
 F = Levels seen in this place.
 G = Mean time per level.
                   A        B        C        D        E       F      G
               +--------+--------+--------+--------+--------+-----+--------+
         Total |     70 |     70 |      0 |      0 |     44 |   1 |   70.0 |
       Dungeon |     70 |     70 |      0 |      0 |     44 |   1 |   70.0 |
               +--------+--------+--------+--------+--------+-----+--------+

Top non-repeatable levels by time:
     D:1: 70 daAuts
